 Dungeon Crawl Stone Soup version 0.28.0-53-g5a82cb258f (webtiles) character file.

Game seed: 14473292165732231209

41111 DocClef the Thaumaturge (level 14, 0/116 HPs)
             Began as a Gnoll Fire Elementalist on July 19, 2022.
             Was the Champion of Ashenzari.
             Slain by a thrashing horror (6 damage)
             ... on level 6 of the Lair of Beasts.
             The game lasted 00:42:01 (22609 turns).

DocClef the Thaumaturge (Gnoll Fire Elementalist)  Turns: 22609, Time: 00:42:02

Health: 0/116      AC: 12    Str:  9    XL:     14   Next: 14%
Magic:  19/32      EV: 19    Int: 19    God:    Ashenzari [******]
Gold:   865        SH:  8    Dex: 16    Spells: 24/41 levels left

rFire   + . .      SeeInvis +   b - +1 whip of the Lashed Abstinence {elec, Melee, Range} (curse)
rCold   + + .      Faith    .   k - +0 buckler of the Ensconced Omission {Melee, Fort} (curse)
rNeg    + . .      Spirit   .   D - +1 leather armour "Share My Negligence" {rC+ rN+ Dex+4, Melee, Fort} (curse)
rPois   .          Reflect  .   w - +0 helmet of Toth-Mos's Legacy {Melee, Self} (curse)
rElec   .          Harm     .   e - +0 cloak "Burden of the Heavens" {Self, Cun} (curse)
rCorr   .          Rampage  .   I - +0 pair of gloves of Ashenzari's Activism {Alch, Fort} (curse)
Will    +....      Clarity  +   d - +0 pair of boots "Behold Eternity" {Evo, Alch} (curse)
Stlth   +++++.....              g - amulet of the Celestial Negation {Regen+, Comp, Elem} (curse)
HPRegen 1.09/turn               q - ring of Supernal Wisdom {rF+, Elem, Evo} (curse)
MPRegen 0.23/turn               E - ring of Ashenzari's Fetters {rC+, Alch, Cun} (curse)

@: about to teleport
A: fangs 1, strong nose, distributed training
a: Renounce Religion, Shatter the Chains


You were on level 6 of the Lair of Beasts.
You worshipped Ashenzari.
Ashenzari was exalted by your worship.
You visited 4 branches of the dungeon, and saw 19 of its levels.
You also visited: Sewer.

You collected 865 gold pieces.

Inventory:

Hand Weapons
 b - the cursed +1 whip of the Lashed Abstinence (weapon) {elec, Melee, Range}
   (You took it off a kobold on level 1 of the Dungeon)

   It occasionally discharges a powerful burst of electricity upon striking a
   foe.
   It has a curse which improves the following skills: Melee Combat: Short
   Blades, Long Blades, Axes, Maces & Flails, Polearms, Staves and Unarmed
   Combat.
   Ranged Combat: Slings, Bows, Crossbows and Throwing.
Missiles
 r - 11 javelins
 z - a throwing net
Armour
 d - the cursed +0 pair of boots "Behold Eternity" (worn) {Evo, Alch}
   (You found it on level 11 of the Dungeon)

   It has a curse which improves the following skills: Evocations: Evocations.
   Alchemy:   Poison Magic and Transmutations.
 e - the cursed +0 cloak "Burden of the Heavens" (worn) {Self, Cun}
   (You found it on level 10 of the Dungeon)

   It has a curse which improves the following skills: Introspection: Fighting
   and Spellcasting.
   Cunning:   Dodging and Stealth.
 k - the cursed +0 buckler of the Ensconced Omission (worn) {Melee, Fort}
   (You found it on level 3 of the Lair of Beasts)

   It has a curse which improves the following skills: Melee Combat: Short
   Blades, Long Blades, Axes, Maces & Flails, Polearms, Staves and Unarmed
   Combat.
   Fortitude: Armour and Shields.
 w - the cursed +0 helmet of Toth-Mos's Legacy (worn) {Melee, Self}
   (You found it on level 6 of the Dungeon)

   It has a curse which improves the following skills: Melee Combat: Short
   Blades, Long Blades, Axes, Maces & Flails, Polearms, Staves and Unarmed
   Combat.
   Introspection: Fighting and Spellcasting.
 D - the cursed +1 leather armour "Share My Negligence" (worn) {rC+ rN+ Dex+4, Melee, Fort}
   (You found it on level 7 of the Dungeon)

   Dex:       It affects your dexterity (+4).
   rC:        It protects you from cold.
   rN:        It protects you from negative energy.
   It has a curse which improves the following skills: Melee Combat: Short
   Blades, Long Blades, Axes, Maces & Flails, Polearms, Staves and Unarmed
   Combat.
   Fortitude: Armour and Shields.
 I - the cursed +0 pair of gloves of Ashenzari's Activism (worn) {Alch, Fort}
   (You found it on level 10 of the Dungeon)

   It has a curse which improves the following skills: Alchemy: Poison Magic and
   Transmutations.
   Fortitude: Armour and Shields.
 K - the +4 chain mail of Eguij {rF++}
   (You found it on level 2 of the Lair of Beasts)

   rF:        It greatly protects you from fire.
Jewellery
 g - the cursed amulet of the Celestial Negation (around neck) {Regen+, Comp, Elem}
   (You found it on level 2 of the Dungeon)

   [amulet of regeneration]

   Regen:     It increases your rate of health regeneration.
   It has a curse which improves the following skills: Companions: Summonings
   and Necromancy.
   Elements:  Fire Magic, Ice Magic, Air Magic and Earth Magic.
 q - the cursed ring of Supernal Wisdom (left hand) {rF+, Elem, Evo}
   (You found it on level 4 of the Dungeon)

   [ring of protection from fire]

   rF:        It protects you from fire.
   It has a curse which improves the following skills: Elements: Fire Magic, Ice
   Magic, Air Magic and Earth Magic.
   Evocations: Evocations.
 E - the cursed ring of Ashenzari's Fetters (right hand) {rC+, Alch, Cun}
   (You found it on level 8 of the Dungeon)

   [ring of protection from cold]

   rC:        It protects you from cold.
   It has a curse which improves the following skills: Alchemy: Poison Magic and
   Transmutations.
   Cunning:   Dodging and Stealth.
 P - a ring of fire
Wands
 v - a wand of polymorph (27)
 C - a wand of flame (28)
 L - a wand of iceblast (4)
 N - a wand of digging (8)
Scrolls
 a - a scroll of enchant armour
 f - 2 scrolls of enchant weapon
 i - 3 scrolls of teleportation
 m - a scroll of fear
 o - a scroll of amnesia
 p - 3 scrolls of magic mapping
 s - 3 scrolls of noise
 x - 12 scrolls of identify
 y - 4 scrolls of vulnerability
 A - 2 scrolls of fog
 B - a scroll of holy word
 F - a scroll of acquirement
 J - a scroll of summoning
Potions
 c - 4 potions of heal wounds
 h - 5 potions of curing
 j - 5 potions of lignification
 l - a potion of resistance
 n - 2 potions of degeneration
 t - 3 potions of might
 u - 3 potions of cancellation
 G - 2 potions of attraction
 H - 3 potions of brilliance
 M - 2 potions of invisibility
Miscellaneous
 O - a phantom mirror


   Skills:
 + Level 9.0(12.9) Fighting
 + Level 9.0(15.1) Short Blades
 + Level 9.0(15.1) Long Blades
 + Level 9.0(15.1) Axes
 + Level 9.0(15.1) Maces & Flails
 + Level 9.0(15.1) Polearms
 + Level 9.0(15.1) Staves
 + Level 9.0(11.6) Slings
 + Level 9.0(11.6) Bows
 + Level 9.0(11.6) Crossbows
 + Level 9.0(11.6) Throwing
 + Level 9.0(14.1) Armour
 + Level 10.1(14.0) Dodging
 + Level 9.9(13.8) Stealth
 + Level 9.0(14.1) Shields
 + Level 9.0(15.1) Unarmed Combat
 + Level 10.3(14.2) Spellcasting
 + Level 7.8 Conjurations
 + Level 7.4 Hexes
 + Level 7.4(10.1) Summonings
 + Level 7.4(10.1) Necromancy
 + Level 7.4 Translocations
 + Level 7.4(12.5) Transmutations
 + Level 9.3(13.2) Fire Magic
 + Level 7.4(11.4) Ice Magic
 + Level 7.4(11.4) Air Magic
 + Level 7.4(11.4) Earth Magic
 + Level 7.4(12.5) Poison Magic
 + Level 9.8 Invocations
 + Level 9.0(12.9) Evocations


You had 24 spell levels left.
You knew the following spells:

 Your Spells              Type           Power      Damage    Failure   Level
a - Foxfire               Conj/Fire      100%       2x1d9     1%          1
b - Scorch                Fire           100%       2d10      1%          2
c - Conjure Flame         Conj/Fire      52%        6-21      1%          3
d - Inner Flame           Hex/Fire       52%        N/A       1%          3
e - Sticky Flame          Conj/Fire      52%        2d7       1%          4
f - Flame Wave            Conj/Fire      52%        2d11      1%          4

Your spell library contained the following spells:

 Spells                   Type           Power      Damage    Failure   Level
 Animate Skeleton         Necr           100%       N/A       1%          1
 Pain                     Necr           100%       1d9       1%          1
 Static Discharge         Conj/Air       50%        N/A       1%          2
 Vampiric Draining        Necr           51%        2d9       1%          3
 Animate Armour           Summ/Erth      100%       N/A       1%          4
 Dispel Undead            Necr           51%        3d19      1%          4
 Blade Hands              Tmut           28%        N/A       1%          5
 Iron Shot                Conj/Erth      25%        9d5       21%         6
 Dispersal                Tloc           20%        N/A       45%         6
 Disjunction              Tloc           20%        N/A       100%        8


Dungeon Overview and Level Annotations

Branches:
Dungeon (11/15)            Temple (1/1) D:7            Lair (6/6) D:10
  Swamp (0/4) Lair:4       Spider (1/4) Lair:3        Slime (0/5) Lair:6
  Sewer (visited)
    Orc: D:9-12

Altars:
Ashenzari
Cheibriados
Dithmenos
Elyvilon
Fedhas
Gozag
Hepliaklqana
Kikubaaqudgha
Makhleb
Nemelex Xobeh
Okawaru
Qazlal
Ru
Sif Muna
Trog
Uskayaw
Vehumet
Wu Jian
Xom
Yredelemnul
Zin
The Shining One
Lugonu

Portals:
Abyss: Lair:6

Annotations:
Lair:2 3 runed translucent doors, Ecorompe's ghost, journeyman DgWz
Lair:6 3 runed translucent doors, cbfl8's ghost, journeyman MiBe


Innate Abilities, Weirdness & Mutations

You have very sharp teeth.
Your uncanny sense of smell can sniff out nearby items.
Your experience applies equally to all skills.


Message History

The large abomination burns!
The thrashing horror tramples you but does no damage.
The thrashing horror closely misses you.
The large abomination misses you. The large abomination hits you!
A wave of flame ripples out!
The flame wave engulfs the thrashing horror.
The thrashing horror resists.
The thrashing horror is lightly damaged.
The flame wave engulfs the large abomination.
The large abomination is severely damaged.
The large abomination burns!
The large abomination stops burning.
The thrashing horror closely misses you.
The thrashing horror tramples you.
You hold your ground!
The large abomination misses you.
A wave of flame ripples out!
The flame wave engulfs the large abomination but does no damage.
The large abomination is almost destroyed.
The flame wave engulfs the thrashing horror.
The thrashing horror resists.
The thrashing horror is moderately damaged.
You finish channelling waves of flame.
You block the thrashing horror's attack.
The thrashing horror closely misses you.
The thrashing horror tramples you!
You stumble backwards!
You whack the large abomination!
The large abomination is almost destroyed.
The thrashing horror misses you.
The thrashing horror tramples you but does no damage.
You hit the large abomination but do no damage.
The large abomination is almost destroyed.
The thrashing horror completely misses you.
The thrashing horror closely misses you.
The large abomination hits you!!
* * * LOW HITPOINT WARNING * * *
As you read the scroll of teleportation, it crumbles to dust.
You feel strangely unstable. The thrashing horror tramples you!
* * * LOW HITPOINT WARNING * * *
You stumble backwards!
The thrashing horror tramples you.
You die...

.H#......................♣♣. ∆
###......................♣♣.* , ♣
.............##.......P#♣♣♣♣ ∆,♣♣
..#........##......P.#♣#♣♣♣ *{...
..[..........#P.....###♣♣♣ *...
##................####### ♣.
.................####### ♣.
..............(...##### ♣♣♣(
.............X.X@.#### ♣♣♣♣♣♣♣
..............###.### #♣♣♣.♣♣.
............######### #♣♣...♣♣
#............############♣♣♣.....
#.#.........##############♣♣.....
#..........###### ######.♣♣.♣..
#.....<...###### ######..♣♣.♣♣♣
##.........############.....♣..♣♣
#..........#############.....♣.♣♣


You could see a thrashing horror and a large abomination.

Vanquished Creatures
  Snorg (Lair:3)
  Josephine (D:10)
  Erolcha (D:9)
  2 hydras
  A boulder beetle (Lair:3)
  2 catoblepae
  2 two-headed ogres (D:9)
  2 thrashing horrors (Lair:6)
  Sonja (Lair:5)
  Nergalle (Lair:1)
  2 ugly things (Lair:6)
  4 black mambas
  A smoke demon (Lair:6)
  A torpor snail (Lair:5)
  A cane toad (shapeshifter) (Lair:6)
  16 cane toads
  12 komodo dragons
  A rime drake (Lair:3)
  An ancient zyme (Lair:6)
  A troll (D:10)
  2 polar bears (Lair:6)
  24 blink frogs
  2 jumping spiders (Lair:3)
  41 yaks
  4 culicivoras (Lair:3)
  5 wraiths (D:10)
  A ynoxinul (Lair:6)
  5 wyverns
  Grum (D:8)
  5 vampire mosquitoes (Lair:4)
  A chaos spawn (Lair:6)
  A steam dragon (D:8)
  2 basilisks (Lair:6)
  A redback (Lair:3)
  2 acid dragons
  11 water moccasins
  An orc warrior (D:9)
  2 ogres
  An ice beast (D:3)
  4 centaurs
  7 wolves
  A phantom (D:7)
  2 kobold brigands
  11 bullfrogs
  6 scorpions
  A water moccasin skeleton (D:4)
  3 killer bees (D:9)
  3 electric eels (D:10)
  3 howler monkeys (D:9)
  11 small abominations (Lair:6)
  6 centaur zombies
  8 hounds
  6 jellies
  An iguana (D:6)
  5 orc priests
  2 centaur skeletons
  2 gnoll shamans
  7 orc wizards
  5 hell rats
  2 howler monkey skeletons (D:7)
  Robin (D:2)
  15 gnolls
  7 adders
  3 river rats
  A white imp (D:6)
  2 adder skeletons (D:4)
  6 worms
  A dart slug (D:5)
  14 orcs
  7 bats
  16 endoplasms
  5 giant cockroaches
  11 goblins
  8 hobgoblins
  8 jackals
  A quokka (D:1)
  5 ball pythons
  3 frilled lizards (D:1)
  22 kobolds
  9 rats
407 creatures vanquished.

Vanquished Creatures (collateral kills)
  27 foxfires
27 creatures vanquished.

Vanquished Creatures (others)
  2270 foxfires
  73 fungi
  42 plants
2385 creatures vanquished.

Grand Total: 2819 creatures vanquished

Notes
Turn   | Place    | Note
-------+----------+-------------------------------------------
     0 | D:1      | DocClef the Gnoll Fire Elementalist began the quest for the
                  | Orb.
     0 | D:1      | Reached XP level 1. HP: 13/13 MP: 6/6
   276 | D:1      | Reached XP level 2. HP: 19/19 MP: 2/7
  1068 | D:1      | Reached XP level 3. HP: 20/25 MP: 5/9
  1070 | D:1      | Reached skill level 5 in Spellcasting
  1657 | D:2      | Found a faded altar of an unknown god.
  1662 | D:2      | Reached skill level 1 in Invocations
  1806 | D:2      | Reached skill level 1 in Fighting
  1806 | D:2      | Reached skill level 1 in Short Blades
  1806 | D:2      | Reached skill level 1 in Long Blades
  1806 | D:2      | Reached skill level 1 in Axes
  1806 | D:2      | Reached skill level 1 in Maces & Flails
  1806 | D:2      | Reached skill level 1 in Polearms
  1806 | D:2      | Reached skill level 1 in Staves
  1806 | D:2      | Reached skill level 1 in Slings
  1806 | D:2      | Reached skill level 1 in Bows
  1806 | D:2      | Reached skill level 1 in Crossbows
  1806 | D:2      | Reached skill level 1 in Throwing
  1806 | D:2      | Reached skill level 1 in Armour
  1806 | D:2      | Reached skill level 1 in Shields
  1806 | D:2      | Reached skill level 1 in Unarmed Combat
  1806 | D:2      | Reached skill level 1 in Evocations
  1832 | D:2      | Noticed Robin
  1836 | D:2      | Reached XP level 4. HP: 30/32 MP: 7/11
  1842 | D:2      | Killed Robin
  1966 | D:2      | Found a stormy altar of Qazlal.
  2056 | D:2      | Reached skill level 1 in Hexes
  2056 | D:2      | Reached skill level 1 in Summonings
  2056 | D:2      | Reached skill level 1 in Necromancy
  2056 | D:2      | Reached skill level 1 in Translocations
  2056 | D:2      | Reached skill level 1 in Transmutations
  2056 | D:2      | Reached skill level 1 in Ice Magic
  2056 | D:2      | Reached skill level 1 in Air Magic
  2056 | D:2      | Reached skill level 1 in Earth Magic
  2056 | D:2      | Reached skill level 1 in Poison Magic
  3104 | D:3      | Reached XP level 5. HP: 37/37 MP: 8/12
  3303 | D:3      | Noticed an ice beast
  3309 | D:3      | Killed an ice beast
  3424 | D:3      | Reached XP level 6. HP: 44/44 MP: 6/13
  3427 | D:3      | Learned a level 2 spell: Scorch
  3431 | D:3      | Learned a level 3 spell: Conjure Flame
  3435 | D:3      | Learned a level 3 spell: Inner Flame
  3778 | D:4      | Reached skill level 5 in Dodging
  3901 | D:4      | Found a glowing drain.
  3910 | Sewer    | Entered a sewer
  4806 | D:4      | Reached XP level 7. HP: 50/50 MP: 9/15
  5512 | D:5      | Entered Level 5 of the Dungeon
  5607 | D:5      | You fall into a shaft and drop 1 floor!
  5701 | D:6      | Reached skill level 5 in Stealth
  5928 | D:5      | Reached XP level 8. HP: 57/57 MP: 9/16
  7775 | D:6      | Reached XP level 9. HP: 65/65 MP: 12/18
  9010 | D:7      | Identified the +1 leather armour "Xeuduasu" {rC+ rN+ Dex+4}
  9015 | D:7      | Found a staircase to the Ecumenical Temple.
  9589 | Temple   | Entered the Ecumenical Temple
  9927 | Temple   | Became a worshipper of Ashenzari the Shackled
 10037 | D:8      | Noticed Grum
 10104 | D:8      | Killed Grum
 10529 | D:8      | Reached skill level 5 in Invocations
 10690 | D:8      | Found a basalt altar of Yredelemnul.
 11343 | D:9      | Reached XP level 10. HP: 58/73 MP: 10/20
 11371 | D:9      | Noticed a two-headed ogre
 11386 | D:9      | Killed a two-headed ogre
 11387 | D:9      | Reached skill level 5 in Fighting
 11387 | D:9      | Reached skill level 5 in Short Blades
 11387 | D:9      | Reached skill level 5 in Long Blades
 11387 | D:9      | Reached skill level 5 in Axes
 11387 | D:9      | Reached skill level 5 in Maces & Flails
 11387 | D:9      | Reached skill level 5 in Polearms
 11387 | D:9      | Reached skill level 5 in Staves
 11387 | D:9      | Reached skill level 5 in Slings
 11387 | D:9      | Reached skill level 5 in Bows
 11387 | D:9      | Reached skill level 5 in Crossbows
 11387 | D:9      | Reached skill level 5 in Throwing
 11387 | D:9      | Reached skill level 5 in Armour
 11387 | D:9      | Reached skill level 5 in Shields
 11387 | D:9      | Reached skill level 5 in Unarmed Combat
 11387 | D:9      | Reached skill level 5 in Evocations
 11588 | D:9      | Noticed Erolcha
 11595 | D:9      | Killed Erolcha
 11816 | D:9      | Reached * piety under Ashenzari
 11870 | D:9      | Reached skill level 5 in Conjurations
 11980 | D:9      | Noticed a two-headed ogre
 11989 | D:9      | Killed a two-headed ogre
 12255 | D:10     | Entered Level 10 of the Dungeon
 12621 | D:10     | Reached XP level 11. HP: 80/81 MP: 19/22
 12921 | D:10     | Found a staircase to the Lair.
 13024 | D:10     | Reached skill level 5 in Hexes
 13024 | D:10     | Reached skill level 5 in Summonings
 13024 | D:10     | Reached skill level 5 in Necromancy
 13024 | D:10     | Reached skill level 5 in Translocations
 13024 | D:10     | Reached skill level 5 in Transmutations
 13024 | D:10     | Reached skill level 5 in Ice Magic
 13024 | D:10     | Reached skill level 5 in Air Magic
 13024 | D:10     | Reached skill level 5 in Earth Magic
 13024 | D:10     | Reached skill level 5 in Poison Magic
 13102 | D:10     | Found the +3 giant club "Skullcrusher" {speed, Str+7}
 13234 | D:10     | Reached ** piety under Ashenzari
 13281 | D:10     | Noticed Josephine
 13292 | D:10     | Killed Josephine
 13676 | D:11     | Noticed a boulder beetle
 13832 | Lair:1   | Entered Level 1 of the Lair of Beasts
 14102 | Lair:1   | Noticed Nergalle
 14118 | Lair:1   | Killed Nergalle
 14227 | Lair:1   | Identified a scroll of acquirement
 14501 | Lair:1   | Reached *** piety under Ashenzari
 15103 | Lair:2   | Found a runed translucent gate.
 15103 | Lair:2   | Found a runed translucent gate.
 15103 | Lair:2   | Found a runed translucent gate.
 15105 | Lair:2   | Noticed Ecorompe's ghost (journeyman DgWz)
 15169 | Lair:2   | Identified the +4 chain mail of Eguij {rF++}
 15720 | Lair:2   | Reached **** piety under Ashenzari
 16106 | Lair:2   | Learned a level 4 spell: Sticky Flame
 16111 | Lair:2   | Learned a level 4 spell: Flame Wave
 16233 | Lair:3   | Reached XP level 12. HP: 94/94 MP: 21/26
 16514 | Lair:3   | Noticed an eight-headed hydra
 16523 | Lair:3   | Killed an eight-headed hydra
 16599 | Lair:3   | Found a hole to the Spider Nest.
 16880 | Lair:3   | Noticed a boulder beetle
 16983 | Lair:3   | Reached ***** piety under Ashenzari
 17273 | Lair:3   | Noticed Snorg
 17283 | Lair:3   | Killed Snorg
 17368 | Lair:3   | Noticed a catoblepas
 17498 | Lair:3   | Killed a catoblepas
 17734 | Lair:3   | Killed a boulder beetle
 18100 | Spider:1 | Entered Level 1 of the Spider Nest
 18444 | Lair:4   | Found a staircase to the Swamp.
 18873 | Lair:5   | Noticed Sonja
 18941 | Lair:5   | Killed Sonja
 18942 | Lair:5   | Reached XP level 13. HP: 87/106 MP: 23/29
 19046 | Lair:5   | Reached ****** piety under Ashenzari
 19972 | Lair:6   | Entered Level 6 of the Lair of Beasts
 20974 | Lair:6   | Reached skill level 10 in Spellcasting
 21471 | Lair:6   | Identified the Catalogue of Entrancing Dark Secrets
 21548 | Lair:6   | Found a one-way gate to the infinite horrors of the Abyss.
 21554 | Lair:6   | Found a corrupted altar of Lugonu.
 21662 | Lair:6   | Reached skill level 10 in Dodging
 21662 | Lair:6   | Reached XP level 14. HP: 32/116 MP: 15/32
 21770 | Lair:6   | Found a staircase to the Slime Pits.
 22004 | Lair:6   | Found a runed translucent gate.
 22025 | Lair:6   | Noticed cbfl8's ghost (journeyman MiBe)
 22065 | Lair:6   | Found a runed translucent gate.
 22065 | Lair:6   | Found a runed translucent gate.
 22608 | Lair:6   | HP: 5/116 [thrashing horror (7)]
 22609 | Lair:6   | Slain by a thrashing horror

Illustrated notes

Levels and vault maps discovered:
D:1:      dpeg_arrival_fog, layout_basic
D:2:      layout_basic, chequers_ecumenical_altar_simple, basic_altar,
          eino_curves_03, uniq_robin
D:3:      layout_rooms, minivault_24, kennysheep_decorative_pillar,
          hangedman_decor_push
D:4:      layout_rooms, portal_sewer_entry_a, hangedman_abyss_or_decor_stabs,
          nicolae_wormholes
D:5:      layout_basic, serial_glass, glass_columns_c, glass_columns_b,
          glass_columns_c
D:6:      layout_basic
D:7:      layout_layer_cave, minmay_temple_entry_sparse_star, minivault_27,
          kennysheep_nondescript
D:8:      layout_basic, yredelemnul_altar_generic, uniq_grum
D:9:      layout_loops_ring, uniq_erolcha
D:10:     layout_loops_ring, erik_lair_island, uniq_josephine
D:11:     layout_irregular_city
Temple:   mainiacjoe_temple_circle_huts
Lair:1:   layout_loops_ring, uniq_nergalle
Lair:2:   layout_concentric_octagons, ebering_ghost_rock_garden
Lair:3:   layout_regular_city, nicolae_spider_entry_tight_spaces, uniq_snorg
Lair:4:   layout_roguey, minmay_swamp_entry_swarm
Lair:5:   layout_loops_ring, grunt_megastairs_5, serial_bayou_shore_b,
          uniq_sonja
Lair:6:   hellmonk_lair_end_abyssal_woods, layout_hall_layers,
          nicolae_slime_entry_slimehenge, maelrawn_ghost_gauntlet_escape
Spider:1: layout_spider_delve

Skill      XL: |  1  2  3  4  5  6  7  8  9 10 11 12 13 14 |
---------------+-------------------------------------------+-----
Conjurations   | 2 3 4 5 6 7 |  7.8
Spellcasting   | 5 6 7 8 9 10 | 10.3
Invocations    | 1 2 3 4 5 6 7 8 9 |  9.8
Fighting       | 1 2 3 4 5 6 7 8 9 |  9.0
Short Blades   | 1 2 3 4 5 6 7 8 9 |  9.0
Long Blades    | 1 2 3 4 5 6 7 8 9 |  9.0
Axes           | 1 2 3 4 5 6 7 8 9 |  9.0
Maces & Flails | 1 2 3 4 5 6 7 8 9 |  9.0
Polearms       | 1 2 3 4 5 6 7 8 9 |  9.0
Staves         | 1 2 3 4 5 6 7 8 9 |  9.0
Slings         | 1 2 3 4 5 6 7 8 9 |  9.0
Bows           | 1 2 3 4 5 6 7 8 9 |  9.0
Crossbows      | 1 2 3 4 5 6 7 8 9 |  9.0
Throwing       | 1 2 3 4 5 6 7 8 9 |  9.0
Armour         | 1 2 3 4 5 6 7 8 9 |  9.0
Shields        | 1 2 3 4 5 6 7 8 9 |  9.0
Unarmed Combat | 1 2 3 4 5 6 7 8 9 |  9.0
Evocations     | 1 2 3 4 5 6 7 8 9 |  9.0
Hexes          | 1 2 3 4 5 6 7 |  7.4
Summonings     | 1 2 3 4 5 6 7 |  7.4
Necromancy     | 1 2 3 4 5 6 7 |  7.4
Translocations | 1 2 3 4 5 6 7 |  7.4
Transmutations | 1 2 3 4 5 6 7 |  7.4
Ice Magic      | 1 2 3 4 5 6 7 |  7.4
Air Magic      | 1 2 3 4 5 6 7 |  7.4
Earth Magic    | 1 2 3 4 5 6 7 |  7.4
Poison Magic   | 1 2 3 4 5 6 7 |  7.4
Dodging        | 5 6 7 8 9 10 | 10.1
Stealth        | 5 6 7 8 9 |  9.9
Fire Magic     | 6 7 8 9 |  9.3

Action                   |  1- 3 |  4- 6 |  7- 9 | 10-12 | 13-15 || total
-------------------------+-------+-------+-------+-------+-------++-------
Melee: Whip              |     7 |    35 |    69 |   213 |   186 ||   510
       Short sword       |     2 |       |       |       |       ||     2
       Bite              |     1 |     2 |     8 |    27 |    37 ||    75
       Punch             |       |       |     2 |    17 |       ||    19
 Cast: Foxfire           |    91 |   149 |   362 |   395 |   356 ||  1353
       Scorch            |       |     4 |     4 |     8 |    14 ||    30
       Conjure Flame     |       |       |     6 |     7 |       ||    13
       Inner Flame       |       |       |     9 |    34 |    29 ||    72
       Flame Wave        |       |       |       |     7 |    10 ||    17
       Sticky Flame      |       |       |       |     4 |     6 ||    10
Invok: Curse Item        |       |       |     1 |     8 |     1 ||    10
  Use: Scroll            |       |     1 |       |     1 |     2 ||     4
 Stab: Sleeping          |       |     1 |     1 |     1 |     1 ||     4
Armor: Robe              |     3 |    10 |    15 |       |       ||    28
       Leather armour    |       |       |    11 |    76 |    78 ||   165
Dodge: Dodged            |    10 |    47 |   100 |   274 |   238 ||   669
Block: Buckler           |       |       |       |    12 |   121 ||   133
